 Dungeon Crawl Stone Soup version 0.26-a0-227-g1af32d979d (webtiles) character file.

Game seed: 3851995913104149015

36 BeastOfSaturn the Grasshopper (level 3, -4/33 HPs)
             Began as a Naga Warper on July 7, 2020.
             Slain by a worm (6 damage)
             ... on level 2 of the Dungeon.
             The game lasted 00:05:01 (1926 turns).

BeastOfSaturn the Grasshopper (Naga Warper)         Turns: 1926, Time: 00:05:01

Health: -4/33      AC:  4    Str: 14    XL:     3   Next: 37%
Magic:  6/6        EV:  7    Int: 13    God:
Gold:   70         SH:  0    Dex: 10    Spells: 6/6 levels left

rFire    . . .     SeeInvis +   a - +0 falchion
rCold    . . .     Faith    .   (no shield)
rNeg     . . .     Spirit   .   j - +0 scale mail
rPois    +         Reflect  .   (no helmet)
rElec    .         Harm     .   (no cloak)
rCorr    .                      (no gloves)
MR       .....                  (no barding)
Stlth    ..........             (no amulet)
HPRegen  0.11/turn              (no ring)
MPRegen  0.10/turn              (no ring)

@: very slow
A: large, see invisible, deformed body, poison resistance, slowness 2, slow
metabolism 1, spit poison 1, AC +1
a: Spit Poison


You were on level 2 of the Dungeon.
You were not hungry.

You visited 1 branch of the dungeon, and saw 2 of its levels.

You collected 70 gold pieces.

Inventory:

Hand Weapons
 a - a +0 falchion (weapon)
Missiles
 e - 5 boomerangs of dispersal (quivered)
Armour
 b - a +0 leather armour
 j - a +0 scale mail (worn)
Scrolls
 d - 2 scrolls of blinking
 i - a scroll of noise {unknown}
 k - a scroll of fear {unknown}
Potions
 c - a potion of degeneration {unknown}
 g - 2 potions of curing
 h - a potion of stabbing {unknown}
Comestibles
 f - a ration


   Skills:
 * Level 2.5 Fighting
 * Level 2.7 Long Blades
 - Level 0.8 Throwing
 - Level 0.7 Armour
 * Level 2.1 Dodging
 - Level 2.0 Spellcasting
   Level 3.0 Translocations


You had 6 spell levels left.
You didn't know any spells.
Your spell library contained the following spells:

 Spells                   Type           Power        Failure   Level
 Blink                    Tloc           N/A          43%         2
 Shroud of Golubria       Chrm/Tloc      #.....       65%         2
 Gell's Gravitas          Tloc           #.........   67%         3
 Lesser Beckoning         Tloc           #.........   67%         3
 Teleport Other           Tloc           #.......     67%         3
 Passage of Golubria      Tloc           N/A          97%         4


Dungeon Overview and Level Annotations

Branches:
Dungeon (2/15)

Altars:
Ashenzari
Trog


Innate Abilities, Weirdness & Mutations

You cannot wear boots.
Your serpentine skin is tough. (AC +1)
You have supernaturally acute eyesight. (SInv)
Armour fits poorly on your strangely shaped body.
Your system is resistant to poisons. (rPois)
You cover ground very slowly.
You have a slow metabolism.
You can spit poison.


Message History

You hit the worm.
The worm is almost dead.
The worm closely misses you.
You hit the worm.
The worm is almost dead.
The worm bites you.
You hit the worm but do no damage.
The worm is severely wounded.
You barely miss the worm.
The worm is severely wounded.
The worm completely misses you.
You riposte.
You hit the worm.
The worm is severely wounded.
You barely miss the worm.
The worm is severely wounded.
The worm bites you!
* * * LOW HITPOINT WARNING * * *
You barely miss the worm.
The worm is severely wounded.
The worm bites you.
You die...

.###...#..#.#.## +... .#
###.#..#... #...
.#####.#..###.##############
#...
...........................#
#...
.#####.#†.#.#..#.#####.###.#
#... .# #.#..#.# #.# #.#
#.###... .# #.#....# #.#
###.###..##... .# #.##.###
#w# #.........+...
.#####.##.#
#@###.#.####..#...
.......##.#
#....<#...###.#... ########
.# #####.###.# #..###
.......# .# #.....# ##.#
######.# ####### #.#
.....#.# #.. #.##.#.# ##.#
#.##.#.# .. #.##.#.# #.#


You could see a worm.

Vanquished Creatures
  A worm (D:2)
  A dart slug (D:1)
  2 leopard geckos (D:1)
  A giant cockroach (D:1)
  4 goblins (D:1)
  2 hobgoblins
  5 kobolds (D:1)
  2 ball pythons
  3 bats
  7 frilled lizards
  2 rats
30 creatures vanquished.

Notes
Turn   | Place    | Note
-------+----------+-------------------------------------------
     0 | D:1      | BeastOfSaturn the Naga Warper began the quest for the Orb.
     0 | D:1      | Reached XP level 1. HP: 19/19 MP: 3/3
   159 | D:1      | Reached XP level 2. HP: 23/26 MP: 5/5
   940 | D:1      | Reached XP level 3. HP: 5/33 MP: 6/6
  1630 | D:2      | Found a shattered altar of Ashenzari.
  1826 | D:2      | Found a bloodstained altar of Trog.
  1925 | D:2      | HP: 1/33 [worm (9)]
  1926 | D:2      | Slain by a worm

Illustrated notes

Levels and vault maps discovered:
D:1:      dpeg_arrival_orchard, layout_basic
D:2:      layout_basic, lemuel_round_altar, ashenzari_conservatory_becter

Skill      XL: |  1  2 |
---------------+-------+-----
Dodging        | 2 |  2.1
Fighting       | |  2.5
Long Blades    | |  2.7
Throwing       | |  0.8
Armour         | |  0.7
Spellcasting   | |  2.0
Translocations | |  3.0

Action                   || total
-------------------------++-------
Melee: Falchion          ||   105
 Abil: Spit Poison       ||     1
  Use: Scroll            ||     1
  Eat: Ration            ||     1
Armor: Leather armour    ||    17
       Scale mail        ||    19
Dodge: Dodged            ||    59
       Rpst.: Falchion   ||    20

Table legend:
 A = Non-vault XP
 B = Vault XP
 C = Vault XP percentage of total XP
 D = Non-vault monster count
 E = Vault monster count
 F = Vault count percentage of total count
                 A         B        C        D         E       F
            +---------+---------+-------+---------+---------+-------
      Total |      52 |       0 |   0.0 |      30 |       0 |   0.0
            +---------+---------+-------+---------+---------+-------
        D:1 |      36 |       0 |   0.0 |      21 |       0 |   0.0
        D:2 |      16 |       0 |   0.0 |       9 |       0 |   0.0
            +---------+---------+-------+---------+---------+-------
